 Dungeon Crawl Stone Soup version 0.23-a0-767-gdc19b93d68 (webtiles) character file.

62794 Brecoman the Bludgeoner (level 15, -13/99 HPs)
             Began as a Gargoyle Fighter on Jan 28, 2019.
             Was a High Priest of Wu Jian.
             Mangled by Rupert
             ... wielding a +0 great sword of freezing
              (27 damage)
             ... on level 2 of the Orcish Mines.
             The game lasted 01:10:51 (22163 turns).

Brecoman the Bludgeoner (Gargoyle Fighter)         Turns: 22163, Time: 01:10:52

Health: -13/99     AC: 41    Str: 23    XL:     15   Next: 7%
Magic:  0/19       EV:  7    Int: 10    God:    Wu Jian [*****.]
Gold:   323        SH:  0    Dex: 14    Spells: 12/14 levels left

rFire    . . .     SeeInvis .   N - +4 dire flail (flame)
rCold    . . .     Gourm    .   (shield currently unavailable)
rNeg     + . .     Faith    .   i - +0 plate armour
rPois    ∞         Spirit   +   t - +1 helmet
rElec    +         Reflect  .   C - scarf {Spirit}
rCorr    .         Harm     +   r - +3 pair of gauntlets of War {Slay+5}
MR       ++...                  s - +0 pair of boots
Stlth    ..........             F - amulet of harm
HPRegen  0.26/turn              R - ring "Qithrem" {rPois MR+ Dex+3}
MPRegen  0.16/turn              O - +5 ring of protection

@: exhausted, flying
A: big wings, negative energy resistance 1, electricity resistance, unbreathing,
petrification resistance, rot immunity, AC +11
a: Stop Flying, Wall Jump, Serpent's Lash, Heavenly Storm, Renounce Religion


You were on level 2 of the Orcish Mines.
You worshipped Wu Jian.
Wu Jian was extremely pleased with you.
You were hungry.

You visited 5 branches of the dungeon, and saw 22 of its levels.
You also visited: Sewer.

You collected 1605 gold pieces.
You spent 1282 gold pieces at shops.

Inventory:

Hand Weapons
 N - a +4 dire flail of flaming (weapon)
Missiles
 h - 472 stones (quivered)
 L - 2 throwing nets
Armour
 i - a +0 plate armour (worn)
 r - the +3 pair of gauntlets of War (worn) {Slay+5}
   (You bought it in a shop on level 2 of the Orcish Mines)

   It affects your accuracy and damage with ranged weapons and melee attacks
   (+5).
 s - a +0 pair of boots (worn)
 t - a +1 helmet (worn)
 C - a scarf of spirit shield (worn)
Jewellery
 a - an uncursed ring of wizardry
 F - an amulet of harm (around neck)
 O - a +5 ring of protection (right hand)
 R - the ring "Qithrem" (left hand) {rPois MR+ Dex+3}
   (You found it on level 6 of the Lair of Beasts)

   [ring of protection from magic]

   It affects your dexterity (+3).
   It protects you from poison.
   It affects your resistance to hostile enchantments.
Wands
 y - a wand of flame (45)
 H - a wand of disintegration (26)
 M - a wand of polymorph (44)
 Z - a wand of acid (6)
Scrolls
 c - a scroll of amnesia
 e - 17 scrolls of identify
 l - 3 scrolls of magic mapping
 m - 12 scrolls of teleportation
 o - 3 scrolls of fog
 p - 5 scrolls of immolation
 q - 14 scrolls of remove curse
 v - 5 scrolls of blinking
 V - 2 scrolls of silence
Potions
 b - 2 potions of magic
 g - 8 potions of heal wounds
 j - 9 potions of curing
 k - 5 potions of brilliance
 n - 3 potions of berserk rage
 u - 2 potions of resistance
 x - 3 potions of agility
 A - 6 potions of lignification
 G - 3 potions of ambrosia
 Q - a potion of mutation
Miscellaneous
 z - a phial of floods
 D - a box of beasts
 I - a lightning rod (4/4)
 J - a sack of spiders
 U - a phantom mirror
Comestibles
 f - 29 rations


   Skills:
 + Level 13.2 Fighting
 * Level 15.5 Maces & Flails
 + Level 13.2 Armour
   Level 9.5 Shields
 - Level 6.0 Translocations
 + Level 5.7 Evocations


You had 12 spell levels left.
You knew the following spells:

 Your Spells              Type           Power        Failure   Level  Hunger
a - Blink                 Tloc           N/A          43%         2    ###....

Your spell library contained the following spells:

 Spells                   Type           Power        Failure   Level  Hunger
 Gell's Gravitas          Tloc           ##........   67%         3    ####...
 Lesser Beckoning         Tloc           ##........   67%         3    ####...
 Teleport Other           Tloc           ##......     67%         3    ####...
 Shroud of Golubria       Chrm/Tloc      #.........   85%         2    ###....
 Passage of Golubria      Tloc           N/A          97%         4    #####..
 Magic Dart               Conj           #...         98%         1    ##.....
 Call Imp                 Summ           #.......     99%         2    ###....
 Corpse Rot               Necr           N/A          99%         2    ###....
 Slow                     Hex            #.......     99%         2    ###....
 Conjure Flame            Conj/Fire      #.......     100%        3    ####...
 Mephitic Cloud           Conj/Pois/Air  #.......     100%        3    ####...
 Stone Arrow              Conj/Erth      #.....       100%        3    ####...
 Leda's Liquefaction      Hex/Erth       #.........   100%        4    #####..
 Summon Forest            Summ/Tloc      #.........   100%        5    ######.
 Hydra Form               Tmut           #.........   100%        6    #######
 Summon Hydra             Summ           #.........   100%        7    #######


Dungeon Overview and Level Annotations

Branches:
Dungeon (12/15)            Temple (1/1) D:4            Lair (6/6) D:10
 Shoals (0/4) Lair:2       Spider (1/4) Lair:3        Slime (0/5) Lair:5
    Orc (2/2) D:10            Elf (0/3) Orc:2

Altars:
Ashenzari
Cheibriados
Dithmenos
Elyvilon
Fedhas
Gozag
Hepliaklqana
Kikubaaqudgha
Makhleb
Nemelex Xobeh
Okawaru
Qazlal
Ru
Sif Muna
Trog
Uskayaw
Vehumet
Wu Jian
Xom
Yredelemnul
Zin
The Shining One
Beogh
Jiyva

Shops:
D:11 %   Orc:2 ?:*([

Annotations:
D:6 exclusion: oklob plant
Orc:2 Rupert


Innate Abilities, Weirdness & Mutations

You are resistant to torment.
Your stone body is resilient. (AC +11)
You are immune to poison.
Your large and strong wings let you fly indefinitely.
You resist negative energy. (rN+)
You are resistant to electric shocks. (rElec)
You can survive without breathing.
You are immune to petrification.
You are immune to rotting.


Message History

Rupert is severely wounded.
Found a staircase to the Elven Halls.
Your supernatural speed expires.
You lunge at Rupert.
You barely miss Rupert.
Rupert is severely wounded.
Rupert hits you with a +0 great sword of freezing!
* * * LOW HITPOINT WARNING * * *
Rupert freezes you.
* * * LOW HITPOINT WARNING * * *
Okay, then.
Okay, then.
Evoke which item? (* to show all) (? for menu, Esc to quit)
Aiming: Corrosive Bolt
Press: ? - help, Shift-Dir - straight line, f - Rupert
Aim: Rupert, wielding a +0 great sword of freezing and wearing a +0 chain mail (severely wounded, berserk, fast, unusually strong)
The bolt of acid hits Rupert.
Rupert is splashed with acid.
The acid corrodes Rupert!
Rupert is almost dead.
Rupert hits you with a +0 great sword of freezing!!
You die...

.................#.#.##
......................#
>............8.......#
.........#)†.........##
.........)#)..........##
......<.°)).))....#....#
..........##..........##
##..$.....@.....))........#
.
#.........@.......<........
.......................#.#..
.#........................#.
..................#...#....
#.#..........$...#.........
##.##...................#...
#.<.........................
##..#....#.................#
#.^......#.......).......#.


You could see Rupert (berserk).

Vanquished Creatures
  Saint Roka (Orc:2)
  Gastronok (Lair:3)
  Nessos (Lair:4)
  Harold (D:8)
  5 hydras
  2 catoblepae
  3 two-headed ogres
  An orc high priest (Orc:2)
  Nergalle (Orc:2)
  Pikel (D:9)
  3 orc knights (Orc:2)
  An ugly thing (D:10)
  3 orc sorcerers (Orc:2)
  A deep elf mage (D:12)
  3 wolf spiders
  A guardian serpent (Lair:6)
  6 elephants (Lair:5)
  Psyche (D:8)
  A gargoyle (D:11)
  A rime drake (Lair:4)
  2 torpor snails
  9 black mambas
  15 spiny frogs
  A komodo dragon (Lair:4)
  2 trolls
  8 blink frogs
  7 dream sheep (Lair:6)
  A polar bear (Lair:3)
  Prince Ribbit (D:7)
  3 hornets
  A snapping turtle (Lair:2)
  A meliai zombie (D:9)
  7 hippogriffs
  2 redbacks (Lair:6)
  A wraith (D:12)
  11 wyverns
  58 yaks
  2 basilisks
  2 hungry ghosts
  A steam dragon (D:12)
  Menkaure (D:5)
  4 wargs
  Duvessa (D:7)
  9 porcupines
  28 water moccasins
  3 black bears
  A necrophage (D:8)
  24 orc warriors
  3 sky beasts
  2 phantoms
  6 ogres
  2 centaurs (D:7)
  9 wolves
  12 crocodiles
  Blork the orc (Orc:2)
  4 big kobolds
  13 bullfrogs
  2 gnoll sergeants (D:8)
  A wyvern zombie (D:12)
  Dowan (D:7)
  2 wyvern skeletons
  4 scorpions
  6 killer bees (D:9)
  4 wights (D:8)
  An electric eel (Lair:6)
  7 crimson imps
  A quasit (D:11)
  2 bullfrog zombies
  13 orc priests
  2 centaur zombies
  8 hounds
  2 jellies
  16 orc wizards
  A bullfrog skeleton (D:8)
  2 centaur skeletons
  4 iguanas
  10 worker ants
  A killer bee zombie (D:8)
  2 hound skeletons
  A howler monkey skeleton (D:11)
  11 gnolls
  17 adders
  8 river rats (Sewer)
  A shadow imp (D:8)
  3 oozes
  5 worms
  3 dart slugs
  7 leopard geckos
  55 orcs
  6 giant cockroaches
  10 goblins
  6 hobgoblins
  10 jackals
  3 quokkas
  7 ball pythons
  6 bats
  10 frilled lizards
  35 kobolds
  A leopard gecko skeleton (D:4)
  A leopard gecko zombie (D:5)
  2 quokka skeletons
  20 rats
  A plant (Lair:6)
617 creatures vanquished.

Vanquished Creatures (collateral kills)
  Erolcha (Orc:1)
  An orc warrior (Orc:1)
  An orc (Orc:1)
3 creatures vanquished.

Vanquished Creatures (others)
  A slave (D:9)
  A water moccasin (D:9)
  A bush (Lair:4)
  17 fungi
  13 plants (Lair:6)
33 creatures vanquished.

Grand Total: 653 creatures vanquished

Notes
Turn   | Place    | Note
-------+----------+-------------------------------------------
     0 | D:1      | Brecoman the Gargoyle Fighter began the quest for the Orb.
     0 | D:1      | Reached XP level 1. HP: 14/14 MP: 1/1
   177 | D:1      | Reached XP level 2. HP: 19/19 MP: 2/2
   704 | D:1      | Reached XP level 3. HP: 24/24 MP: 3/3
  1322 | D:2      | Reached XP level 4. HP: 26/29 MP: 4/4
  1989 | D:3      | Reached XP level 5. HP: 27/34 MP: 5/5
  2118 | D:3      | Found a glowing drain.
  2154 | Sewer    | Entered a sewer
  2209 | Sewer    | Noticed a big kobold
  2215 | Sewer    | Killed a big kobold
  2215 | Sewer    | Reached XP level 6. HP: 31/40 MP: 6/6
  2273 | Sewer    | Reached skill level 5 in Armour
  2278 | Sewer    | Reached skill level 5 in Fighting
  3938 | D:4      | Found a staircase to the Ecumenical Temple.
  3945 | Temple   | Entered the Ecumenical Temple
  4110 | Temple   | Became a worshipper of the Wu Jian Council
  4142 | D:4      | Reached skill level 5 in Shields
  4142 | D:4      | Reached XP level 7. HP: 44/44 MP: 7/7
  4715 | D:4      | Reached skill level 3 in Maces & Flails
  4866 | D:5      | Entered Level 5 of the Dungeon
  4879 | D:5      | Noticed a hippogriff
  4913 | D:4      | Killed a hippogriff
  4913 | D:4      | Reached skill level 4 in Maces & Flails
  4913 | D:4      | Reached XP level 8. HP: 44/51 MP: 8/8
  5063 | D:5      | Noticed Menkaure
  5077 | D:5      | Killed Menkaure
  5189 | D:5      | Reached * piety under Wu Jian
  5234 | D:5      | Found a shimmering altar of Xom.
  5234 | D:5      | Found a shadowy altar of Dithmenos.
  5276 | D:5      | Found a glowing golden altar of the Shining One.
  6132 | D:6      | Found a glowing silver altar of Zin.
  6133 | D:6      | Noticed an oklob plant
  6234 | D:6      | Reached skill level 5 in Maces & Flails
  6823 | D:7      | Found a snail-covered altar of Cheibriados.
  6829 | D:7      | Reached XP level 9. HP: 53/57 MP: 7/9
  6914 | D:7      | Reached skill level 6 in Maces & Flails
  7229 | D:7      | Noticed Dowan
  7232 | D:7      | Noticed Duvessa
  7247 | D:7      | Killed Duvessa
  7287 | D:7      | Killed Dowan
  7336 | D:7      | Reached ** piety under Wu Jian
  7346 | D:7      | Noticed Prince Ribbit
  7370 | D:7      | Killed Prince Ribbit
  7370 | D:7      | Reached skill level 7 in Maces & Flails
  7844 | D:8      | Noticed a two-headed ogre
  7889 | D:8      | Killed a two-headed ogre
  7889 | D:8      | Reached XP level 10. HP: 5/64 MP: 1/10
  8257 | D:8      | Reached skill level 8 in Maces & Flails
  8293 | D:8      | Found a sacrificial altar of Ru.
  8378 | D:8      | Noticed Psyche
  8388 | D:8      | Killed Psyche
  8434 | D:8      | Found a glowing silver altar of Zin.
  8701 | D:8      | Noticed Harold
  8800 | D:8      | Killed Harold
  8800 | D:8      | Reached skill level 9 in Maces & Flails
  9080 | D:8      | Reached *** piety under Wu Jian
  9108 | D:8      | Noticed a two-headed ogre
  9140 | D:8      | Killed a two-headed ogre
  9523 | D:8      | Found a basalt altar of Yredelemnul.
  9624 | D:9      | Reached XP level 11. HP: 38/71 MP: 7/11
  9861 | D:9      | Noticed a two-headed ogre
  9895 | D:9      | Killed a two-headed ogre
  9895 | D:9      | Reached skill level 10 in Maces & Flails
  9999 | D:9      | Noticed Pikel
 10016 | D:9      | Killed Pikel
 10999 | D:10     | Entered Level 10 of the Dungeon
 11033 | D:10     | Found a staircase to the Lair.
 11091 | D:10     | Reached **** piety under Wu Jian
 11491 | D:10     | Noticed a cyan ugly thing
 11503 | D:10     | Killed a cyan ugly thing
 11507 | D:10     | Learned a level 2 spell: Blink
 11652 | D:10     | Found a staircase to the Orcish Mines.
 12045 | D:11     | Reached skill level 10 in Fighting
 12045 | D:11     | Reached skill level 10 in Armour
 12045 | D:11     | Reached skill level 1 in Translocations
 12048 | D:11     | Found a basalt altar of Yredelemnul.
 12216 | D:11     | Found Lupeq's Food Emporium.
 12275 | D:11     | Reached skill level 11 in Maces & Flails
 12947 | D:12     | Reached XP level 12. HP: 65/77 MP: 10/12
 13606 | Lair:1   | Entered Level 1 of the Lair of Beasts
 14116 | Lair:1   | Reached skill level 12 in Maces & Flails
 14602 | Lair:2   | Noticed a five-headed hydra
 14612 | Lair:2   | Killed a five-headed hydra
 14809 | Lair:2   | Reached ***** piety under Wu Jian
 14885 | Lair:2   | Found a staircase to the Shoals.
 14934 | Lair:2   | Noticed a catoblepas
 14956 | Lair:2   | Killed a catoblepas
 15230 | Lair:2   | Noticed a five-headed hydra
 15245 | Lair:1   | Killed a five-headed hydra
 15760 | Lair:3   | Found a hole to the Spider Nest.
 15771 | Lair:3   | Reached XP level 13. HP: 84/84 MP: 13/13
 15862 | Lair:3   | Reached skill level 13 in Maces & Flails
 16029 | Lair:3   | Noticed Gastronok
 16049 | Lair:3   | Killed Gastronok
 16049 | Lair:3   | Reached skill level 5 in Translocations
 16637 | Spider:1 | Entered Level 1 of the Spider Nest
 16857 | Lair:4   | Noticed Nessos
 16893 | Lair:4   | Killed Nessos
 16893 | Lair:4   | Reached skill level 1 in Evocations
 16984 | Lair:4   | Found a radiant altar of Vehumet.
 18148 | Lair:5   | Found a viscous altar of Jiyva.
 18148 | Lair:5   | Found a staircase to the Slime Pits.
 18786 | Lair:6   | Entered Level 6 of the Lair of Beasts
 18872 | Lair:6   | Reached skill level 14 in Maces & Flails
 18955 | Lair:6   | Gained mutation: Your large and strong wings let you fly
                  | indefinitely. [Gargoyle growth]
 18955 | Lair:6   | Reached XP level 14. HP: 89/92 MP: 16/16
 19087 | Lair:6   | Reached ****** piety under Wu Jian
 19987 | Lair:6   | Got a heavily runed granite ring
 19988 | Lair:6   | Identified the ring "Qithrem" {rPois MR+ Dex+3} (You found
                  | it on level 6 of the Lair of Beasts)
 20584 | Orc:1    | Entered Level 1 of the Orcish Mines
 20825 | Orc:1    | Noticed Erolcha
 20834 | Orc:1    | Killed Erolcha
 20834 | Orc:1    | Reached skill level 15 in Maces & Flails
 21087 | Orc:2    | Entered Level 2 of the Orcish Mines
 21192 | Orc:2    | Reached skill level 5 in Evocations
 21225 | Orc:2    | Noticed Saint Roka
 21227 | Orc:2    | Noticed Nergalle
 21251 | Orc:2    | Killed Nergalle
 21265 | Orc:2    | Killed Saint Roka
 21265 | Orc:2    | Reached XP level 15. HP: 31/99 MP: 5/19
 21557 | Orc:2    | Noticed Blork the orc
 21558 | Orc:2    | Found a roughly hewn altar of Beogh.
 21582 | Orc:2    | Killed Blork the orc
 21858 | Orc:2    | Found Hotzax's Book Shop.
 21863 | Orc:2    | Found Hymaowos's Antique Armour Shop.
 21881 | Orc:2    | Bought the +3 pair of gauntlets of War {Slay+5} for 1282
                  | gold pieces
 21881 | Orc:2    | Found the +3 pair of gauntlets of War {Slay+5}
 21985 | Orc:2    | Found Ganuq's General Store.
 22040 | Orc:2    | Found Dico's Antique Weapon Shop.
 22126 | Orc:2    | Found Bihen's Magic Scroll Emporium.
 22137 | Orc:2    | Noticed Rupert
 22160 | Orc:2    | Found a staircase to the Elven Halls.
 22163 | Orc:2    | Mangled by Rupert

Vault maps used:
D:1:      lightli_arrival_lavapool, minmay_cut_off
D:2:      first_ration, minmay_statues_item,
          wander_ebering_terrifying_dragon_lair
D:3:      minmay_angry_zag, gup_sewer_entry_glass
D:4:      temple_green
D:5:      kennysheep_little_box, gammafunk_temple_overflow_elements,
          uniq_menkaure
D:6:      lemuel_oklob_altar
D:7:      nicolae_overflow_crystal_walls, uniq_prince_ribbit1, uniq_duvessa
D:8:      lemuel_round_altar, kennysheep_mini, basic_altar, uniq_harold,
          uniq_psyche
D:9:      blue_anna_alchemist, uniq_pikel
D:10:     due_lair_maze_entry_diamond, david_orc_1_choice
D:11:     serial_shops, shop, chequers_serial_rivers_room_a, minmay_misc_feat_x,
          yredelemnul_altar_generic
Temple:   eino_temple_scatter_basement
Lair:1:   minivault_24, infiniplex_staircase_pool_2
Lair:2:   minmay_shoals_entry_hut
Lair:3:   nicolae_spider_entry_non_spiders, st_stairs_13,
          cheibrodos_lair_reptile_den, uniq_gastronok
Lair:4:   basic_altar, uniq_nessos
Lair:5:   slime_altar_1
Lair:6:   hangedman_lair_tendril_chambers, nicolae_quartered_pool_super,
          chequers_serial_rivers_small_3
Spider:1: ebering_ghost_disaster_area
Orc:1:    uniq_erolcha
Orc:2:    grunt_orc_cross, serial_shops, shop_statue, uniq_rupert
Sewer:    sewer_minmay_treatment

Skill      XL: |  1  2  3  4  5  6  7  8  9 10 11 12 13 14 |
---------------+-------------------------------------------+-----
Armour         | 4 5 6 7 8 9 10 11 12 13 | 13.2
Fighting       | 4 5 6 7 8 9 10 11 12 13 | 13.2
Shields        | 4 5 6 7 9 |  9.5
Maces & Flails | 4 5 7 9 11 12 14 15 | 15.5
Translocations | 2 4 6 |  6.0
Evocations     | 3 5 |  5.7

Action                   |  1- 3 |  4- 6 |  7- 9 | 10-12 | 13-15 || total
-------------------------+-------+-------+-------+-------+-------++-------
Melee: Flail             |    48 |       |   251 |    74 |       ||   373
       Short sword       |    59 |   268 |    33 |       |       ||   360
       Unarmed           |       |    15 |       |       |       ||    15
       Dagger            |       |       |    47 |    79 |       ||   126
       Dire flail        |       |       |       |   736 |   831 ||  1567
Throw: Stone             |    12 |       |       |     8 |       ||    20
Invok: Lunge             |       |       |    43 |    67 |    56 ||   166
       Whirlwind         |       |       |    27 |    72 |    52 ||   151
       Heavenly Storm    |       |       |       |       |     2 ||     2
       Serpent's Lash    |       |       |       |       |     1 ||     1
 Abil: Fly               |       |       |       |       |     1 ||     1
Evoke: Box of beasts     |       |       |       |       |     1 ||     1
       Wand              |       |       |       |       |     1 ||     1
  Use: Potion            |       |     3 |       |     1 |     2 ||     6
       Scroll            |       |       |    13 |    15 |     5 ||    33
  Eat: Chunk             |     1 |    10 |    14 |    24 |    21 ||    70
       Ration            |       |       |       |     1 |       ||     1
Armor: Scale mail        |     7 |       |       |       |       ||     7
       Chain mail        |    45 |   200 |   207 |   616 |   353 ||  1421
       Skin              |       |     5 |       |       |       ||     5
       Plate armour      |       |       |       |       |   102 ||   102
Dodge: Dodged            |    25 |    64 |    74 |   335 |   194 ||   692
Block: Shield            |    58 |   166 |   163 |   109 |       ||   496

Table legend:
 A = Non-vault XP
 B = Vault XP
 C = Vault XP percentage of total XP
 D = Non-vault monster count
 E = Vault monster count
 F = Vault count percentage of total count
                 A         B        C        D         E       F
            +---------+---------+-------+---------+---------+-------
      Total |   56317 |   33389 |  37.2 |     443 |     176 |  28.4
            +---------+---------+-------+---------+---------+-------
        D:1 |      45 |       2 |   4.3 |      26 |       2 |   7.1
        D:2 |      90 |       3 |   3.2 |      19 |       1 |   5.0
        D:3 |      67 |      41 |  38.0 |      14 |       9 |  39.1
        D:4 |     649 |       0 |   0.0 |      21 |       0 |   0.0
        D:5 |     324 |     175 |  35.1 |      12 |       1 |   7.7
        D:6 |     544 |       0 |   0.0 |      17 |       0 |   0.0
        D:7 |    1009 |     496 |  33.0 |      23 |       3 |  11.5
        D:8 |    3513 |    1451 |  29.2 |      41 |       2 |   4.7
        D:9 |    2906 |     770 |  20.9 |      28 |       2 |   6.7
       D:10 |     640 |    2109 |  76.7 |       3 |      19 |  86.4
       D:11 |    1669 |       0 |   0.0 |      19 |       0 |   0.0
       D:12 |    4518 |       0 |   0.0 |      32 |       0 |   0.0
     Lair:1 |    4539 |       0 |   0.0 |      18 |       0 |   0.0
     Lair:2 |    4495 |     409 |   8.3 |      18 |       2 |  10.0
     Lair:3 |    3947 |    3194 |  44.7 |      16 |      15 |  48.4
     Lair:4 |    6508 |    1380 |  17.5 |      26 |       1 |   3.7
     Lair:5 |    5481 |       0 |   0.0 |      19 |       0 |   0.0
     Lair:6 |   12778 |   10215 |  44.4 |      47 |      36 |  43.4
      Orc:1 |     988 |    1033 |  51.1 |      19 |       1 |   5.0
      Orc:2 |    1607 |   11849 |  88.1 |      25 |      34 |  57.6
      Sewer |       0 |     262 | 100.0 |       0 |      48 | 100.0
            +---------+---------+-------+---------+---------+-------
